 Dungeon Crawl Stone Soup version 0.30-a0-711-gf4ac18a38d (webtiles) character file.

Game seed: 387236414454607708

15113 wormed the Covert (level 11, -4/86 HPs)
             Began as a Demonspawn Fire Elementalist on Jan 22, 2023.
             Was a Believer of Vehumet.
             Killed by an exploding elephant (57 damage)
             ... ignited by their inner flame
             ... on level 1 of the Lair of Beasts.
             The game lasted 00:25:19 (15640 turns).

wormed the Covert (Demonspawn Fire Elementalist)   Turns: 15640, Time: 00:25:19

Health: -4/86      AC:  9    Str: 10    XL:     11   Next: 97%
Magic:  19/22      EV: 20    Int: 20    God:    Vehumet [**....]
Gold:   566        SH:  0    Dex: 13    Spells: 19/25 levels left

rFire   . . .      SeeInvis .    e - +1 dagger (freeze)
rCold   . . .      Faith    .    (no shield)
rNeg    . . .      Spirit   .    o - +2 robe {Will+}
rPois   .          Reflect  .    E - -2 hat
rElec   .          Harm     .    F - scarf {repulsion}
rCorr   .          Rampage  .    h - +0 pair of gloves
Will    +....                    (no boots)
Stlth   ++++                     n - amulet of magic regeneration
HPRegen 2.34/turn                f - +5 ring of evasion
MPRegen 0.58/turn                L - +4 ring of protection

@: repel missiles
A: antennae 2, slimy green scales 1, icemail 1, powered by death 2, condensation
shield
a: Renounce Religion


You were on level 1 of the Lair of Beasts.
You worshipped Vehumet.
Vehumet was pleased with you.
You visited 3 branches of the dungeon, and saw 13 of its levels.

You collected 766 gold pieces.
You spent 200 gold pieces at shops.

Inventory:

Hand Weapons
 e - a +1 dagger of freezing (weapon)
Armour
 h - a +0 pair of gloves (worn)
 o - a +2 robe of willpower (worn)
 E - a -2 hat (worn)
 F - a scarf of repulsion (worn)
Jewellery
 f - a +5 ring of evasion (left hand)
 n - an amulet of magic regeneration (around neck)
 q - a ring of flight
 B - a ring of ice
 C - a ring of poison resistance
 L - a +4 ring of protection (right hand)
Wands
 l - a wand of flame (52) (quivered)
 m - a wand of mindburst (14)
 u - a wand of paralysis (25)
 v - a wand of roots (7)
 J - a wand of polymorph (14)
 O - a wand of quicksilver (5)
Scrolls
 c - 6 scrolls of teleportation
 d - 2 scrolls of fog
 g - a scroll of identify
 i - a scroll of silence
 k - 3 scrolls of vulnerability
 p - a scroll of blinking
 r - 2 scrolls of enchant weapon
 s - 2 scrolls of poison
 y - a scroll of fear
 H - a scroll of amnesia
 I - a scroll of magic mapping
 K - a scroll of brand weapon
 M - a scroll of enchant armour
Potions
 a - 3 potions of might
 b - 3 potions of magic
 j - 2 potions of resistance
 t - 5 potions of curing
 w - 2 potions of lignification
 x - 2 potions of mutation
 z - 4 potions of flight
 A - a potion of brilliance
 D - 2 potions of heal wounds
 G - a potion of berserk rage
 N - a potion of attraction


   Skills:
 + Level 7.9 Fighting
 + Level 7.6 Dodging
 + Level 8.2 Stealth
 + Level 7.8 Spellcasting
 + Level 8.1 Conjurations
 + Level 7.8 Fire Magic


You had 19 spell levels left.
You knew the following spells:

 Your Spells              Type           Power      Damage    Failure   Level
a - Foxfire               Conj/Fire      100%       2x1d9     1%          1
b - Scorch                Fire           78%        2d9       1%          2
c - Inner Flame           Hex/Fire       23%        N/A       5%          3

Your spell library contained the following spells:

 Spells                   Type           Power      Damage    Failure   Level
 Kiss of Death            Conj/Necr      96%        2d12      1%          1
 Momentum Strike          Conj/Tloc      48%        3d9       2%          2
 Flame Wave               Conj/Fire      39%        2d11      3%          4
 Hailstorm                Conj/Ice       24%        3d7       4%          3
 Apportation              Tloc           14%        N/A       9%          1
 Freeze                   Ice            28%        1d5       9%          1
 Kindle Blastsparks       Fire/Tloc/Air  36%        2d13      9%          3
 Fireball                 Conj/Fire      19%        3d9       9%          5
 Blink                    Tloc           14%        N/A       13%         2
 Lesser Beckoning         Tloc           14%        N/A       13%         2
 Frozen Ramparts          Ice            14%        1d3       26%         3
 Starburst                Conj/Fire      19%        6d7       45%         6
 Animate Dead             Necr           7%         N/A       65%         4
 Summon Lightning Spire   Summ/Air       7%         N/A       65%         4
 Alistair's Intoxication  Tmut/Pois      4%         N/A       94%         5
 Borgnjor's Vile Clutch   Necr/Erth      3%         N/A       94%         5
 Summon Forest            Summ/Tloc      3%         N/A       94%         5
 Summon Mana Viper        Hex/Summ       7%         N/A       94%         5
 Death Channel            Necr           3%         N/A       100%        6
 Summon Cactus Giant      Summ           3%         N/A       100%        6
 Storm Form               Tmut/Air       3%         N/A       100%        7
 Maxwell's Capacitive Co  Air            3%         ∞         100%        8


Dungeon Overview and Level Annotations

Branches:
Dungeon (11/15)            Temple (1/1) D:7            Lair (1/5) D:10
    Orc (0/2) D:10

Altars:
Ashenzari
Cheibriados
Dithmenos
Fedhas
Gozag
Hepliaklqana
Kikubaaqudgha
Nemelex Xobeh
Okawaru
Qazlal
Ru
Uskayaw
Vehumet
Wu Jian
Xom
Yredelemnul

Shops:
D:9 [

Annotations:
D:4 1 runed translucent door, bmack86's ghost, amateur MiFi
D:10 Urug
Lair:1 Nergalle


Innate Abilities, Weirdness & Mutations

You have a pair of antennae on your head.
You are partially covered in slimy green scales. (AC +2)
A meltable icy envelope protects you from harm. (AC +0)
You regenerate health from kills.
A meltable shield of frost defends you. (SH +0)


Message History

Flame seeps out of the elephant.
The elephant is severely wounded.
The foxfire hits the elephant.
Flame seeps out of the elephant.
The elephant is severely wounded.
The elephant is engulfed in blazing flames.
Flame seeps out of the elephant.
Casting: Foxfire (safe; 1% risk of failure)
Confirm with . or Enter, or press ? or * to list all spells.
You conjure some foxfire!
The elephant closely misses you.
The elephant trunk-slaps you but does no damage.
The elephant attacks as you move away! The elephant tramples you.
The elephant trunk-slaps you but does no damage.
The foxfire hits the elephant.
Flame seeps out of the elephant.
The elephant is almost dead.
The foxfire hits the elephant but does no damage.
The elephant is engulfed in blazing flames.
Flame seeps out of the elephant.
The elephant is engulfed in blazing flames.
Vehumet accepts your kill.
You feel your power returning.
The elephant explodes!
The fiery explosion engulfs the elephant!!
Flame seeps out of the elephant.
The elephant is heavily wounded.
The fiery explosion engulfs you!!
Your icy defences dissipate!
You hear a shout!
You hear a trumpeting!
The elephant is engulfed in blazing flames.
Flame seeps out of the elephant.
Casting: Foxfire (safe; 1% risk of failure)
Confirm with . or Enter, or press ? or * to list all spells.
Flames lash the elephant.
Flame seeps out of the elephant.
The elephant is severely wounded.
The elephant's fire resistance burns away.
The elephant is engulfed in blazing flames.
Vehumet accepts your kill.
The elephant explodes!
The fiery explosion engulfs you!!!
Ouch! That really hurt!
You die...

.............................#...
....##..........#..##'#..........
.#..#...........P.....#......P.
.#..#...........P.....#......# .
.#.........#....#.....#......#...
~..........#.......§§§...........
~~~........#>...#§§§.........#...
≈~~~.............§○§§§#.......# #
≈≈~≈~~..........@§§§..#..........
.~~≈~.................#..........
<.~~~...............##.....######
.~~~~.....................##
≈≈~~~~.....................
≈~≈~......................##
~~~~~................###
.~...................#
.....................


There were no monsters in sight!

Vanquished Creatures
  Erica (D:11)
  3 two-headed ogres
  A tengu warrior (D:8)
  Pikel (D:4)
  2 elephants (Lair:1)
  2 black mambas (Lair:1)
  A cane toad (Lair:1)
  An unseen horror (D:10)
  5 polar bears
  Grinder (D:4)
  Sigmund (D:4)
  5 wraiths
  A shadow (D:10)
  26 yaks
  Edmund (D:4)
  A water moccasin (D:9)
  5 ice beasts
  3 orc warriors
  2 black bears
  6 centaurs
  An ogre (D:5)
  3 phantoms
  A lemure (D:4)
  3 bullfrogs
  A gnoll sergeant (D:7)
  3 scorpions
  3 necrophages
  A wyvern zombie (D:7)
  3 wights (D:9)
  18 killer bees
  3 howler monkeys (D:8)
  A centaur zombie (D:7)
  An orc priest (D:7)
  3 hounds
  A gnoll bouda (D:4)
  4 iguanas
  3 orc wizards
  7 gnolls
  3 adders
  4 shadow imps
  5 white imps
  3 ufetubi
  A dart slug (D:1)
  17 orcs
  4 bats
  5 endoplasms
  2 giant cockroaches
  5 goblins
  6 hobgoblins
  3 kobolds
  4 quokkas
  4 ball pythons
  2 frilled lizards (D:1)
  6 rats
203 creatures vanquished.

Vanquished Creatures (collateral kills)
  A scorpion (D:5)
  An adder (D:5)
2 creatures vanquished.

Vanquished Creatures (others)
  400 foxfires
  6 plants (Lair:1)
406 creatures vanquished.

Grand Total: 611 creatures vanquished

Notes
Turn   | Place    | Note
-------+----------+-------------------------------------------
     0 | D:1      | wormed the Demonspawn Fire Elementalist began the quest for
                  | the Orb.
     0 | D:1      | Reached XP level 1. HP: 13/13 MP: 3/3
   111 | D:1      | Gained mutation: You have a pair of small antennae on your
                  | head. [demonic ancestry]
   111 | D:1      | Reached XP level 2. HP: 19/19 MP: 0/5
   198 | D:1      | Learned a level 2 spell: Scorch
   981 | D:2      | Gained mutation: You regenerate a little health from kills.
                  | [demonic ancestry]
   981 | D:2      | Reached XP level 3. HP: 23/25 MP: 2/6
  1424 | D:2      | Reached skill level 1 in Fighting
  1694 | D:2      | Identified the -2 cloak of the Slorg {*Slow Slay+5 SInv}
  2428 | D:3      | Found a sparkling altar of Nemelex Xobeh.
  2705 | D:4      | Noticed a black bear
  2763 | D:4      | Noticed Sigmund
  2772 | D:4      | Learned a level 3 spell: Inner Flame
  2792 | D:4      | Gained mutation: You regenerate health from kills. [demonic
                  | ancestry]
  2792 | D:4      | Reached XP level 4. HP: 32/32 MP: 2/7
  3022 | D:4      | Noticed Edmund
  3026 | D:5      | Entered Level 5 of the Dungeon
  3139 | D:5      | Noticed a necrophage
  3153 | D:5      | Killed a necrophage
  3154 | D:5      | Gained mutation: You have a pair of antennae on your head.
                  | [demonic ancestry]
  3154 | D:5      | Reached XP level 5. HP: 38/38 MP: 0/9
  3438 | D:5      | Found an ancient bone altar of Kikubaaqudgha.
  3445 | D:5      | Noticed an ice beast
  3458 | D:5      | Killed an ice beast
  3459 | D:5      | Gained mutation: A meltable shield of frost defends you.
                  | (SH +0) [demonic ancestry]
  3459 | D:5      | Reached XP level 6. HP: 44/44 MP: 0/10
  3553 | D:5      | Found a broken altar of Ashenzari.
  4194 | D:5      | Reached XP level 7. HP: 51/51 MP: 1/12
  5949 | D:6      | Found a sacrificial altar of Ru.
  6087 | D:6      | Gained mutation: A meltable icy envelope protects you from
                  | harm. (AC +0) [demonic ancestry]
  6087 | D:6      | Reached XP level 8. HP: 58/58 MP: 6/14
  6626 | D:4      | Noticed Pikel
  6643 | D:4      | Killed Pikel
  6854 | D:4      | Reached skill level 5 in Fire Magic
  7043 | D:4      | Reached skill level 5 in Stealth
  7222 | D:4      | Found a runed translucent door.
  7223 | D:4      | Noticed bmack86's ghost (amateur MiFi)
  7482 | D:4      | Killed Sigmund
  7483 | D:4      | Reached XP level 9. HP: 30/66 MP: 1/16
  7632 | D:4      | Noticed Grinder
  7635 | D:4      | Paralysed by Grinder for 2 turns
  7639 | D:4      | Killed Grinder
  7640 | D:4      | Reached skill level 5 in Conjurations
  8413 | D:4      | Killed Edmund
  8414 | D:4      | Reached skill level 5 in Spellcasting
  8795 | D:7      | Reached skill level 5 in Dodging
  8861 | D:7      | Reached skill level 5 in Fighting
  9571 | D:7      | Found a basalt altar of Yredelemnul.
  9695 | D:7      | Found a staircase to the Ecumenical Temple.
  9889 | Temple   | Entered the Ecumenical Temple
  9990 | Temple   | Became a worshipper of Vehumet
 10129 | D:7      | Noticed a manticore
 10129 | D:7      | Noticed a green ugly thing
 10129 | D:7      | Noticed a cyclops
 10129 | D:7      | Noticed an unseen horror
 10273 | D:8      | Identified the +1 ring mail of Seogi {Int+2}
 10298 | D:8      | Gained mutation: You are partially covered in slimy green
                  | scales. (AC +2) [demonic ancestry]
 10298 | D:8      | Reached XP level 10. HP: 61/75 MP: 1/18
 10830 | D:8      | Found a shadowy altar of Dithmenos.
 10860 | D:8      | Noticed a tengu warrior
 11058 | D:8      | Killed a tengu warrior
 11195 | D:8      | Found the +18 Lear's hauberk
 11259 | D:8      | Found a stormy altar of Qazlal.
 11506 | D:8      | Found a shimmering altar of Xom.
 11795 | D:9      | Found Hiegeinyle's Antique Armour Shoppe.
 11799 | D:9      | Bought an embroidered scarf for 200 gold pieces
 12024 | D:9      | Noticed a two-headed ogre
 12029 | D:9      | Killed a two-headed ogre
 12127 | D:9      | Reached * piety under Vehumet
 12127 | D:9      | Offered knowledge of Shock by Vehumet.
 12772 | D:10     | Entered Level 10 of the Dungeon
 12802 | D:10     | Reached XP level 11. HP: 74/83 MP: 16/21
 13054 | D:10     | Noticed a two-headed ogre
 13064 | D:10     | Killed a two-headed ogre
 13251 | D:10     | Noticed Urug
 13628 | D:10     | Found a staircase to the Lair.
 13651 | D:10     | Found a staircase to the Orcish Mines.
 13868 | D:10     | Noticed a two-headed ogre
 13887 | D:10     | Killed a two-headed ogre
 14020 | D:11     | Noticed Erica
 14028 | D:11     | Killed Erica
 14181 | D:11     | Reached ** piety under Vehumet
 14181 | D:11     | Offered knowledge of Kiss of Death by Vehumet.
 14925 | Lair:1   | Entered Level 1 of the Lair of Beasts
 15604 | Lair:1   | Noticed Nergalle
 15640 | Lair:1   | Killed by an exploding elephant... ignited by their inner
                  | flame

Illustrated notes

Levels and vault maps discovered:
D:1:      nzn_arrival_water_spiral, layout_basic, minmay_pentomino_r4
D:2:      layout_basic, grunt_ministairs_15
D:3:      layout_basic, nemelex_spade_bored_becter
D:4:      layout_basic, serial_co_window_serial, co_window_of_opportunity_a,
          co_window_paths_a, co_window_corner_a, co_window_paths_b,
          co_window_paths_a, co_window_paths_c, co_window_broadway_a,
          co_window_corner_ca, co_window_cross_4, co_window_2corner,
          co_window_of_opportunity_b, co_window_sun, glass_columns_a,
          glass_columns_b, ebering_ghost_reflecting_pool, uniq_grinder,
          uniq_sigmund, uniq_edmund, uniq_pikel
D:5:      layout_layer_cave, zin_treasury, amcnicky_altar_gilded,
          kiku_gazebo_garden_becter
D:6:      layout_layer_cave, nicolae_ru_sacrificial_ziggurat
D:7:      minmay_klotski, layout_rooms, lemuel_zombie_altar_yredelemnul,
          minmay_temple_entry_statues, kennysheep_generic_room_5
D:8:      layout_gridville, kennysheep_little_box,
          nicolae_dithmenos_through_a_glass_darkly,
          mainiacjoe_overflow_alcove_4, hellmonk_guarded_unrand_lears
D:9:      layout_loops_corners, serial_rivers, chequers_serial_rivers_small_3,
          chequers_serial_rivers_room_a, chequers_serial_rivers_room_b,
          chequers_serial_rivers_large_b, chequers_serial_rivers_micro_d,
          chequers_serial_rivers_room_a, serial_shops, nicolae_shop_stone
D:10:     layout_irregular_city, lair_entry_dummy, david_orc_2, uniq_urug
D:11:     layout_cave_pods, uniq_erica
Temple:   hellmonk_temple_forest_ring
Lair:1:   layout_chaotic_city, cheibrodos_lair_lostbears, serial_bayou_shore_b,
          infiniplex_staircase_pool_2, uniq_nergalle

Skill      XL: |  1  2  3  4  5  6  7  8  9 10 11 |
---------------+----------------------------------+-----
Stealth        | 2 3 4 5 6 7 8 |  8.2
Dodging        | 2 3 4 5 6 7 |  7.6
Fighting       | 1 2 3 4 5 6 7 |  7.9
Fire Magic     | 3 4 5 6 7 |  7.8
Conjurations   | 2 3 4 5 7 8 |  8.1
Spellcasting   | 3 4 5 6 7 |  7.8

Action                     |  1- 3 |  4- 6 |  7- 9 | 10-12 || total
---------------------------+-------+-------+-------+-------++-------
  Melee: Dagger            |    39 |     8 |    11 |     5 ||    63
         Unarmed           |     1 |       |       |       ||     1
   Cast: Foxfire           |    35 |    13 |    80 |   103 ||   231
         Scorch            |     9 |    25 |    79 |    76 ||   189
         Inner Flame       |       |     2 |    45 |    78 ||   125
  Evoke: Wand              |       |       |     3 |     5 ||     8
    Use: Scroll            |     8 |       |    12 |     9 ||    29
   Stab: Sleeping          |     2 |       |       |       ||     2
 Armour: Robe              |     1 |     2 |    20 |    26 ||    49
  Dodge: Dodged            |    40 |    16 |    63 |    94 ||   213
  Block: Other             |       |     1 |    22 |    17 ||    40

Table legend: (Time is in decaauts)
 A = Elapsed time spent in this place.
 B = Non-inter-level travel time spent in this place.
 C = Inter-level travel time spent in this place.
 D = Time resting spent in this place.
 E = Time spent auto-exploring this place.
 F = Levels seen in this place.
 G = Mean time per level.
                   A        B        C        D        E       F      G
               +--------+--------+--------+--------+--------+-----+--------+
         Total |  15686 |  14883 |    803 |     47 |  12644 |  13 | 1206.6 |
       Dungeon |  15273 |  14505 |    768 |     47 |  12372 |  11 | 1388.5 |
        Temple |    119 |     84 |     35 |      0 |     72 |   1 |  119.0 |
          Lair |    293 |    293 |      0 |      0 |    199 |   1 |  293.0 |
               +--------+--------+--------+--------+--------+-----+--------+

Top non-repeatable levels by time:
     D:5: 2318 daAuts
     D:4: 2185 daAuts
     D:6: 1436 daAuts
     D:9: 1419 daAuts
     D:8: 1379 daAuts
     D:7: 1377 daAuts
    D:10: 1372 daAuts
     D:3: 1105 daAuts
     D:2: 1025 daAuts
    D:11: 944 daAuts
     D:1: 708 daAuts
  Lair:1: 293 daAuts
  Temple: 119 daAuts
